 Dungeon Crawl Stone Soup version 0.29-a0-834-g1e95ca9f62 (webtiles) character file.

Game seed: 18281244431241706964

585 LynnLen the Sneak (level 7, -2/40 HPs)
             Began as a Vampire Enchanter on July 13, 2022.
             Slain by an ogre
             ... wielding a +0 giant club
              (24 damage)
             ... on level 4 of the Dungeon.
             The game lasted 00:17:07 (5210 turns).

LynnLen the Sneak (Vampire Enchanter)               Turns: 5210, Time: 00:17:08

Health: -2/40      AC: 13    Str:  7    XL:     7   Next: 15%
Magic:  10/10      EV: 12    Int: 18    God:
Gold:   75         SH:  0    Dex: 16    Spells: 4/10 levels left

rFire   . . .      SeeInvis +   a - +2 dagger (protect)
rCold   + + .      Faith    .   (no shield)
rNeg    + + +      Spirit   .   j - +1 leather armour
rPois   ∞          Reflect  .   e - +0 helmet
rElec   .          Harm     .   n - +0 cloak
rCorr   .          Rampage  .   (no gloves)
Will    .....                   (no boots)
Stlth   ++++++....              (no amulet)
HPRegen 0.00/turn               (no ring)
MPRegen 0.12/turn               (no ring)

@: under a protective aura, bloodless, inhibited regen
A: bloodless, fangs 3, see invisible, vampiric 2
a: Bat Form, Revivify


You were on level 4 of the Dungeon.
You visited 1 branch of the dungeon, and saw 5 of its levels.

You collected 183 gold pieces.
You spent 108 gold pieces at shops.

Inventory:

Hand Weapons
 a - a +2 dagger of protection (weapon)
Missiles
 b - 44 stones (quivered)
 m - 6 poisoned darts
Armour
 e - a +0 helmet (worn)
 j - a +1 leather armour (worn)
 n - a +0 cloak (worn)
Jewellery
 i - a ring of resist corrosion
Scrolls
 c - a scroll of magic mapping
Potions
 d - a potion of magic
 f - a potion of heal wounds
 g - 3 potions of berserk rage
 h - 3 potions of attraction
 k - a potion of haste
 l - a potion of brilliance {unknown}


   Skills:
 * Level 2.8 Fighting
 * Level 5.3 Short Blades
 + Level 3.6 Dodging
 + Level 7.6 Stealth
 - Level 2.0 Spellcasting
 - Level 4.4 Hexes


You had 4 spell levels left.
You knew the following spells:

 Your Spells              Type           Power      Damage    Failure   Level
a - Confusing Touch       Hex            17%        N/A       14%         3
b - Tukima's Dance        Hex            17%        N/A       14%         3

Your spell library contained the following spells:

 Spells                   Type           Power      Damage    Failure   Level
 Ensorcelled Hibernation  Hex/Ice        18%        N/A       17%         2
 Magic Dart               Conj           4%         1d3       26%         1
 Sandblast                Erth           2%         2d4       26%         1
 Summon Small Mammal      Summ           4%         N/A       26%         1
 Dazzling Flash           Conj/Hex       18%        N/A       32%         3
 Summon Guardian Golem    Hex/Summ       9%         N/A       32%         3
 Call Imp                 Summ           1%         N/A       38%         2
 Passwall                 Tmut/Erth      0%         N/A       38%         2
 Call Canine Familiar     Summ           1%         N/A       63%         3
 Mephitic Cloud           Conj/Pois/Air  1%         N/A       63%         3
 Stone Arrow              Conj/Erth      2%         3d7       63%         3
 Fulminant Prism          Conj/Hex       4%         3d6       73%         4
 Iskenderun's Mystic Bla  Conj/Tloc      1%         2d3       95%         4
 Lee's Rapid Deconstruct  Erth           0%         3d5*      100%        5


Dungeon Overview and Level Annotations

Branches:
Dungeon (5/15)
 Temple: D:4-7

Altars:

Shops:
D:1 !

Annotations:
D:4 3 runed translucent doors, flotson's ghost, weakling DsDe


Innate Abilities, Weirdness & Mutations

You do not regenerate when monsters are visible.
You are frail without blood (-20% HP).
You can heal yourself when you bite living creatures.
You are immune to poison.
You have razor-sharp teeth.
You have supernaturally acute eyesight. (SInv)
You are afflicted with vampirism and can become a bat while bloodless.


Message History

The orc barely misses you. The orc hits you with a +0 dagger.
The orc hits you with a +0 war axe!
You hit the orc.
You kill the orc!
The ogre misses you. The orc hits you but does no damage.
The orc closely misses you.
You see here a +0 dagger.
Unknown command.
You hit the orc. Your bite misses the orc.
The orc is heavily wounded.
The ogre barely misses you. The orc hits you but does no damage.
The orc closely misses you.
You hit the orc. You bite the orc, but do no damage.
The orc is severely wounded.
The orc hits you but does no damage. The orc barely misses you.
The ogre barely misses you.
You hit the orc but do no damage. You bite the orc.
You kill the orc!
The orc hits you but does no damage. The orc attacks as you move away!
The orc closely misses you. The ogre misses you.
Things that are here:
a +0 war axe; a +0 leather armour You hit the ogre.
You bite the ogre.
You draw the ogre's blood!
You feel better.
The ogre is lightly wounded.
The orc closely misses you.
You barely miss the ogre. You bite the ogre.
You draw the ogre's blood!
You feel better.
The ogre is moderately wounded.
The ogre hits you with a +0 giant club!
You barely miss the ogre.
The ogre is moderately wounded.
The orc barely misses you.
You hit the ogre. You bite the ogre.
You draw the ogre's blood!
You feel better.
The ogre is heavily wounded.
The ogre hits you with a +0 giant club!!
Ouch! That really hurt!
You die...

#.# ########....# #...#
#.###....)......# ##### #
##......######.######## ###
......#...............## ####..
.#############.######..#####....#
## #.# ###..<........
###)#####.............
#...>O#...###.........
#...o@#.### ########## #.......#
#.....### #######


You could see an ogre and an orc.

Vanquished Creatures
  Grinder (D:4)
  Eustachio (D:4)
  Blork the orc (D:4)
  Crazy Yiuf (D:4)
  Robin (D:1)
  4 adders
  An ufetubus (D:3)
  A worm (D:2)
  A dart slug (D:4)
  8 orcs
  4 ball pythons
  3 bats
  6 endoplasms
  3 giant cockroaches (D:1)
  17 goblins
  9 hobgoblins
  7 jackals (D:1)
  7 kobolds
  A quokka (D:1)
  7 rats
84 creatures vanquished.

Vanquished Creatures (others)
  2 fungi (D:4)
  7 plants (D:2)
9 creatures vanquished.

Grand Total: 93 creatures vanquished

Notes
Turn   | Place    | Note
-------+----------+-------------------------------------------
     0 | D:1      | LynnLen the Vampire Enchanter began the quest for the Orb.
     0 | D:1      | Reached XP level 1. HP: 13/13 MP: 3/3
    11 | D:1      | You fall into a shaft and drop 1 floor!
   152 | D:2      | Noticed Robin
   226 | D:1      | Reached XP level 2. HP: 4/16 MP: 5/5
   599 | D:1      | Reached skill level 5 in Stealth
   938 | D:1      | Found Pika's Distillery.
  1011 | D:1      | Bought a potion of degeneration for 12 gold pieces
  1011 | D:1      | Bought a potion of attraction for 36 gold pieces
  1092 | D:1      | Reached skill level 1 in Fighting
  1217 | D:1      | Gained mutation: You are afflicted with vampirism and can
                  | become a bat while bloodless. [Vampire growth]
  1217 | D:1      | Reached XP level 3. HP: 20/20 MP: 6/6
  1280 | D:1      | Learned a level 3 spell: Confusing Touch
  1284 | D:1      | Learned a level 3 spell: Tukima's Dance
  1587 | D:1      | Killed Robin
  1744 | D:1      | HP: 1/20 [hobgoblin[Robin] (2)]
  2239 | D:2      | Found a faded altar of an unknown god.
  2248 | D:2      | Reached XP level 4. HP: 25/25 MP: 7/7
  2352 | D:1      | Bought a potion of heal wounds for 60 gold pieces
  3476 | D:4      | Noticed Grinder
  3478 | D:4      | Noticed Eustachio
  3482 | D:4      | Paralysed by Grinder for 5 turns
  3525 | D:4      | Paralysed by Grinder for 2 turns
  3532 | D:4      | Killed Grinder
  3533 | D:4      | Reached skill level 7 in Stealth
  3533 | D:4      | Reached XP level 5. HP: 13/30 MP: 5/8
  3533 | D:4      | Reached XP level 6. HP: 16/35 MP: 5/9
  3846 | D:4      | Killed Eustachio
  4135 | D:4      | Noticed Blork the orc
  4162 | D:4      | Killed Blork the orc
  4163 | D:4      | Reached skill level 5 in Short Blades
  4163 | D:4      | Reached XP level 7. HP: 28/40 MP: 10/10
  4375 | D:4      | Found a runed translucent gate.
  4375 | D:4      | Found a runed translucent gate.
  4375 | D:4      | Found a runed translucent gate.
  4376 | D:4      | Noticed flotson's ghost (weakling DsDe)
  5024 | D:4      | Found a runed translucent door.
  5025 | D:4      | Noticed Crazy Yiuf
  5032 | D:4      | Killed Crazy Yiuf
  5184 | D:5      | Entered Level 5 of the Dungeon
  5210 | D:4      | Slain by an ogre

Illustrated notes

Levels and vault maps discovered:
D:1:      spicycebolla_arrival_xxxplode, layout_rooms, serial_shops, shop,
          serial_glass, glass_columns_a, glass_columns_a, skrybe_limestone_x
D:2:      layout_rooms, chequers_ecumenical_altar_simple, serial_bayou_pond_a,
          minmay_pentomino_w2, uniq_robin
D:3:      layout_basic, hex_large, minivault_19
D:4:      layout_rooms, gammafunk_ghost_nasty_kobolds, uniq_blork_the_orc,
          uniq_crazy_yiuf_cottage, uniq_grinder, uniq_eustachio
D:5:      layout_rooms, minmay_temple_entry_overgrown, enter_ossuary_5,
          nicolae_shop_gadgets, uniq_menkaure, uniq_sigmund

Skill      XL: |  1  2  3  4  5  6 |
---------------+-------------------+-----
Stealth        | 5 7 |  7.6
Fighting       | 1 2 |  2.8
Short Blades   | 2 4 5 |  5.3
Dodging        | 3 |  3.6
Spellcasting   | |  2.0
Hexes          | |  4.4

Action                   |  1- 3 |  4- 6 |  7- 9 || total
-------------------------+-------+-------+-------++-------
Melee: Dagger            |   151 |   110 |    63 ||   324
       Bite              |    17 |     7 |    15 ||    39
       Punch             |     1 |       |       ||     1
 Cast: Confusing Touch   |     1 |     3 |       ||     4
 Abil: Exsanguinate      |     1 |       |       ||     1
  Use: Potion            |     4 |     2 |       ||     6
       Scroll            |    10 |     3 |     3 ||    16
 Stab: Sleeping          |    10 |    11 |     8 ||    29
       Invisible         |     1 |       |       ||     1
       Confused          |       |     1 |       ||     1
Armor: Robe              |    13 |       |       ||    13
       Leather armour    |    31 |    68 |    17 ||   116
Dodge: Dodged            |   124 |   112 |    27 ||   263

Table legend: (Time is in decaauts)
 A = Elapsed time spent in this place.
 B = Non-inter-level travel time spent in this place.
 C = Inter-level travel time spent in this place.
 D = Time resting spent in this place.
 E = Time spent auto-exploring this place.
 F = Levels seen in this place.
 G = Mean time per level.
                   A        B        C        D        E       F      G
               +--------+--------+--------+--------+--------+-----+--------+
         Total |   5171 |   4968 |    203 |   1142 |   1728 |   5 | 1034.2 |
       Dungeon |   5171 |   4968 |    203 |   1142 |   1728 |   5 | 1034.2 |
               +--------+--------+--------+--------+--------+-----+--------+

Top non-repeatable levels by time:
     D:1: 1798 daAuts
     D:4: 1709 daAuts
     D:3: 1040 daAuts
     D:2: 616 daAuts
     D:5: 6 daAuts
